Unix NetHack Version 3.7.0-80 Work-in-progress - last build Mar 20 2023 14:09:10 (4d3a4a9e917c0f86d3594936c235e576342b1c4a,branch:master). Game began 2023-03-25 23:10:45, ended 2023-03-27 17:18:26. 9629, chaotic male elven Wizard ------ #...... ------- #|....| |.....| #|....| |.....| #-.---- |."...| ##### # |.....| # ##### |...<..# ) #### -------# # # O@#f## # # # # ---.-------- ## # # ## |..........| # # # #### #...........| ### -----# # ## ####|..........| # |(._|# # -----.-####-...`......| ##|...|# ##|>....`## ------------ #|...-# #|.....| # #.)).| #..`..^. ----- ------- 9629 the Thaumaturge St:18 Dx:10 Co:16 In:20 Wi:10 Ch:10 Chaotic Dlvl:8 $:1135 HP:0(43) Pw:76(76) AC:3 Xp:7/704 T:6934 Hungry Burdened Fly Latest messages: Pick an object. You stop. Your dog is in the way! You stop. Your dog is in the way! You swap places with your large cat. The large cat bites the raven. You swap places with your large cat. The dog misses it. The large cat bites the raven. The raven misses the large cat. The raven misses the large cat. Are you waiting to get hit? Use 'm' prefix to force a no-op (to rest). You begin bashing monsters with your bare hands. You miss the raven. The raven bites! The raven blinds you! You hear some noises. It bites! Wait! There's something there you can't see! It bites! What do you want to write with? You write in the dust with your fingertip. You can see again. You swap places with your dog. You are beginning to feel hungry. Something is written here in the dust. You read: "Vl?d was he e". You swap places with your large cat. You swap places with your large cat. You swap places with your dog. You stop. Your dog is in the way! The owlbear hits! The owlbear hits again! The owlbear grabs you! You cannot escape from the owlbear! The owlbear hits! The owlbear hits again! You are being crushed. What do you want to write with? You can't reach the ground. What do you want to write with? You can't reach the ground. What do you want to read? Never mind. What do you want to zap? In what direction? The owlbear turns into an ogre king! The ogre king hits! You die... Do you want your possessions identified? [ynq] (y) Do you want to see your attributes? [ynq] (y) Inventory: Coins $ - 1135 gold pieces Amulets x - a cursed amulet of change named cursed o - an uncursed amulet of flying (being worn) Weapons I - a blessed +1 dagger (at the ready) B - 5 +0 daggers A - a +1 silver dagger Armor G - an uncursed +0 helmet (being worn) b - an uncursed +0 cloak of magic resistance (being worn) W - an uncursed +0 Hawaiian shirt with a sea turtle motif named r:cold,sleep (being worn) V - a blessed +2 studded leather armor (being worn) Comestibles X - 3 uncursed food rations n - 2 uncursed tripe rations l - an uncursed tin of spinach Scrolls D - an uncursed scroll of create monster y - a cursed scroll of create monster E - 2 uncursed scrolls of earth F - 2 uncursed scrolls of enchant weapon j - 4 uncursed scrolls of identify C - a cursed scroll of identify t - an uncursed scroll of magic mapping w - 4 cursed scrolls of magic mapping i - 2 blessed scrolls of remove curse q - a cursed scroll of stinking cloud M - an uncursed scroll of teleportation Spellbooks Z - an uncursed spellbook of restore ability Q - an uncursed spellbook of turn undead Potions f - an uncursed potion of gain ability S - a cursed potion of gain ability h - an uncursed potion of oil J - an uncursed potion of paralysis U - an uncursed potion of sickness H - an uncursed potion of sleeping g - an uncursed potion of water Rings e - an uncursed ring of fire resistance d - an uncursed ring of polymorph control (on right hand) Wands r - a wand of cold (0:6) a - a cursed wand of digging (0:4) v - a wand of light (0:13) c - a wand of lightning (0:7) O - a blessed wand of nothing (0:11) L - a wand of polymorph (0:2) k - a wand of speed monster (0:3) z - a wand of undead turning (0:4) Tools m - an uncursed wooden flute p - a cursed magic lamp N - a cursed magic lamp s - a cursed stethoscope T - a +0 unicorn horn 9629 the Wizard's attributes: Background: You were a Thaumaturge, a level 7 male elven Wizard. You were chaotic, on a mission for Anhur who was opposed by Ptah (lawful) and Thoth (neutral). You were in the Dungeons of Doom, on level 8. You entered the dungeon 6934 turns ago. You had 704 experience points, 576 more were needed to attain level 8. Basics: You had 0 out of 43 hit points. You had all 76 energy points (spell power). Your armor class was 3. Your wallet contained 1135 zorkmids. Autopickup was off. Final Characteristics: Your strength was 18 (limit:18). Your dexterity was 10 (limit:18). Your constitution was 16 (limit:16). Your intelligence was 20 (limit:20). Your wisdom was 10 (limit:20). Your charisma was 10 (limit:18). Final Status: You were flying. You were hungry. You were burdened; movement was slightly slowed. You were bare handed. You were unskilled in bare handed combat. Final Attributes: You were piously aligned. You were magic-protected. You were cold resistant. You were sleep resistant. You had infravision. You were warded. You had polymorph control. You were fast. You are dead. Miscellaneous: You encountered 1 bones level. Total elapsed playing time was 1 hour, 55 minutes and 8 seconds. Major events: Turn 1: 9629 the chaotic male elven Wizard entered the dungeon 742: entered the Gnomish Mines 769: attained the rank of Conjurer (level 3) 2156: destroyed killer's ghost, the former Rambler 3432: attained the rank of Thaumaturge (level 6) 3821: entered Sokoban 4543: completed 1st Sokoban level 5611: completed 2nd Sokoban level 6934: killed by an ogre king Vanquished creatures: a ghost a panther a leprechaun a giant spider an ice vortex a lizard a housecat a blue jelly a black unicorn 2 dust vortices 2 ravens 2 human zombies a Woodland-elf an imp 3 rock piercers a rock mole a fog cloud 2 yellow lights a shrieker a violet fungus 3 gnome leaders a gnomish wizard a golden naga hatchling a gray ooze a ghoul a floating eye 2 kittens 2 dwarves 2 homunculi 2 hill orcs a giant bat a monkey a wererat 2 iguanas 7 killer bees a hobbit 4 manes a giant rat 3 brown molds a yellow mold a green mold a red mold 10 gnomes a gnome zombie 5 geckos 2 foxes 2 kobolds 2 goblins 8 grid bugs 12 lichens 2 kobold zombies 6 newts 116 creatures vanquished. No species were genocided or became extinct. Voluntary challenges: You read items or engraved 14 times. You engraved Elbereth 4 times. You never genocided any monsters. You never polymorphed an object. You never changed form. You used no wishes. You did not violate any of the special Sokoban rules. Achievements: You entered a shop. You entered the Gnomish Mines. You attained the rank of Conjurer. You attained the rank of Thaumaturge. You entered Sokoban. The Dungeons of Doom: levels 1 to 8 Level 1: A fountain. Level 2: A potion shop. Stairs down to The Gnomish Mines. Level 3: A general store. Level 4: Some fountains. Final resting place for killer-Tou-Hum-Fem-Neu, killed by tumbling down a flight of stairs. Level 5: Many fountains. Oracle of Delphi. Level 6: "spellbook tp,bolt,detect monsters" A sink. Stairs up to Sokoban, level 5. Level 7: Level 8: <- You were here. An altar. Final resting place for you, killed by an ogre king. The Gnomish Mines: Level 3: Sokoban: levels 5 up to 4 Level 4: Solved. Level 5: Solved. Game over: ---------- / \ / REST \ / IN \ / PEACE \ / \ | 9629 | | 1135 Au | | killed by an | | ogre king | | | | | | 2023 | *| * * * | * _________)/\\_//(\/(/\)/\//\/|_)_______ Goodbye 9629 the Wizard... You died in The Dungeons of Doom on dungeon level 8 with 4198 points, and 1135 pieces of gold, after 6934 moves. You were level 7 with a maximum of 43 hit points when you died.